 Dungeon Crawl Stone Soup version 0.27.1-4-g1640c2035a (webtiles) character file.

Game seed: 16498448016620289581

9 ChickenMitten the Sneak (level 2, 0/27 HPs)
             Began as a Minotaur Delver on Nov 6, 2021.
             Splashed by a jelly's acid (5 damage)
             ... on level 5 of the Dungeon.
             The game lasted 00:01:09 (56 turns).

ChickenMitten the Sneak (Minotaur Delver)             Turns: 56, Time: 00:01:09

Health: 0/27       AC:  0    Str: 16    XL:     2   Next: 3%
Magic:  1/1        EV: 11    Int:  7    God:
Gold:   0          SH:  0    Dex: 11    Spells: 1/1 levels left

rFire    . . .     SeeInvis .   a - +0 hand axe
rCold    . . .     Faith    .   (no shield)
rNeg     . . .     Spirit   .   b - +0 leather armour
rPois    .         Reflect  .   (helmet restricted)
rElec    .         Harm     .   (no cloak)
rCorr    .         Rampage  .   (no gloves)
Will     .....                  (no boots)
Stlth    ++........             (no amulet)
HPRegen  0.09/turn              (no ring)
MPRegen  0.07/turn              (no ring)

@: corroded
A: horns 2, retaliatory headbutt
a: no special abilities


You were on level 5 of the Dungeon.
You visited 1 branch of the dungeon, and saw 2 of its levels.

Inventory:

Hand Weapons
 a - a +0 hand axe (weapon)
Armour
 b - a +0 leather armour (worn)
Wands
 g - a wand of digging (3)
Scrolls
 c - a scroll of fog
 e - a scroll of fear
Potions
 d - a potion of lignification {unknown}
 f - a potion of haste


   Skills:
 * Level 3.9 Fighting
 * Level 2.7 Axes
 * Level 1.0 Armour
 - Level 2.1 Dodging
 - Level 4.1 Stealth


You had one spell level left.
You didn't know any spells.
Your spell library was empty.

Dungeon Overview and Level Annotations

Branches:
Dungeon (5/15)
 Temple: D:4-7

Altars:


Innate Abilities, Weirdness & Mutations

You have a pair of horns on your head.
You reflexively headbutt those who attack you in melee.


Message History

You closely miss the adder. The adder closely misses you.
You furiously retaliate!
You headbutt the adder. The adder bites you but does no damage.
You hit the adder. Your headbutt misses the adder.
The adder is moderately wounded.
The adder bites you but does no damage.
You barely miss the adder. You headbutt the adder.
The adder is moderately wounded.
The adder barely misses you. x2; You furiously retaliate!
You headbutt the adder!
You kill the adder!
Your Armour skill increases to level 1!
You have reached level 2!
Found a stone staircase leading up.
There is a stone staircase leading up here.
Found a fuming white potion.
d - a fuming white potion You open the door.
A jelly comes into view.
The jelly quivers.
There is a stone staircase leading up here.
You climb upwards.
The gnoll shouts! x2; The orc shouts!
The orc priest shouts!
The gnoll shouts! x2
The gnoll sergeant shouts!
The orc shouts!
There is a stone staircase leading down here.
The gnoll shouts!
The orc priest shouts!
The orc shouts!
The endoplasm quivers.
You climb downwards.
The jelly hits you but does no damage. The jelly hits you.
The acid corrodes you!
You are splashed with acid!
There is a stone staircase leading up here.
You hit the jelly.
Your hands burn!
The jelly is moderately wounded.
The jelly hits you.
You are splashed with acid!
* * * LOW HITPOINT WARNING * * *
You hit the jelly but do no damage.
Your hands burn!
* * * LOW HITPOINT WARNING * * *
The jelly is moderately wounded.
The jelly misses you.
You hit the jelly.
Your hands burn!
You die...

..#...#.#.......#,* *,* *,
####..#.#.......#.# *,* *,
#..#.#...###.#.# *,****,
#............#.#####****,**,,,
***#..#.#.......#......,,,,,**,*,
*P...........##.......,,,,,,,,,,,
.P........>.......#***********,*,
PP...##.##......#.# *,*,
.P..###.........@J# **####,*,
♣♣##**#.##.#.##...#######....#.,,
*,...##..............'......,,
*****#***#...##...#######......,,
,,,* *,,.....######***,,+,.....,,
,,,* *,*##..## *,,,,,****,,....,,
,,,* *,* #,,* *,,_,,* **,*#..,,
,,,* *,***,,****,,,,,* *,***#**
,,,* *,,,,,,,,,*8*,*8* *,*


You could see a jelly.

Vanquished Creatures
  An adder (D:5)
1 creature vanquished.

Notes
Turn   | Place    | Note
-------+----------+-------------------------------------------
     0 | D:5      | ChickenMitten the Minotaur Delver began the quest for the
                  | Orb.
     0 | D:5      | Reached XP level 1. HP: 19/19 MP: 0/0
     5 | D:5      | Noticed a hound
    25 | D:5      | Reached skill level 1 in Armour
    25 | D:5      | Reached XP level 2. HP: 27/27 MP: 1/1
    51 | D:4      | Noticed a gnoll sergeant
    56 | D:5      | Splashed by a jelly's acid

Illustrated notes

Levels and vault maps discovered:
D:4:      layout_basic, gammafunk_ghost_abyssal_escape,
          kennysheep_generic_room_4, uniq_pikel
D:5:      layout_basic, zin_purify, mainiacjoe_overflow_alcove_2,
          uniq_crazy_yiuf_cottage

Skill      XL: |  1 |
---------------+----+-----
Armour         | 1 |  1.0
Fighting       | |  3.9
Axes           | |  2.7
Dodging        | |  2.1
Stealth        | |  4.1

Action                   || total
-------------------------++-------
Melee: Hand axe          ||     7
       Headbutt          ||     1
  Use: Scroll            ||     1
Armor: Leather armour    ||     3
Dodge: Dodged            ||     5
